 Dungeon Crawl Stone Soup version 0.22.1-6-g1668fe2 (webtiles) character file.

186 Fang the Skirmisher (level 5, -1/51 HPs)
             Began as a Gargoyle Berserker on Jan 25, 2019.
             Was a Believer of Trog.
             Slain by Sigmund
             ... wielding a +0 scythe
              (10 damage)
             ... on level 3 of the Dungeon.
             The game lasted 00:02:47 (2574 turns).

Fang the Skirmisher (Gargoyle Berserker)            Turns: 2574, Time: 00:02:48

Health: -1/51      AC:  6    Str: 27    XL:     5   Next: 65%
Magic:  5/5        EV: 12    Int:  7    God:    Trog [**....]
Gold:   160        SH:  0    Dex:  9    Spells: 4/4 levels left

rFire    . . .     SeeInvis .   a - +0 hand axe
rCold    . . .     Gourm    .   (no shield)
rNeg     + . .     Faith    .   b - +0 animal skin
rPois    ∞         Spirit   .   (no helmet)
rElec    +         Reflect  .   (no cloak)
rCorr    .         Harm     .   (no gloves)
MR       .....                  (no boots)
Stlth    ..........             k - amulet of regeneration
HPRegen  0.57/turn              (no ring)
MPRegen  0.09/turn              (no ring)

@: berserking (expiring), very quick
A: negative energy resistance 1, electricity resistance, unbreathing,
petrification resistance, rot immunity, AC +4
a: Berserk, Trog's Hand, Renounce Religion


You were on level 3 of the Dungeon.
You worshipped Trog.
Trog was pleased with you.
You were very hungry.

You visited 1 branch of the dungeon, and saw 3 of its levels.

You collected 160 gold pieces.

Inventory:

Hand Weapons
 a - a +0 hand axe (weapon)
Armour
 b - a +0 animal skin (worn)
Jewellery
 k - an amulet of regeneration (around neck)
Scrolls
 d - 2 scrolls of remove curse {unknown}
 g - a scroll of fog {unknown}
 j - 3 scrolls of identify {unknown}
 l - a scroll of blinking {unknown}
Potions
 e - 2 potions of curing {unknown}
 f - 2 potions of degeneration {unknown}
 h - 2 potions of might {unknown}
 i - a potion of magic {unknown}
Comestibles
 c - 5 rations


   Skills:
 + Level 4.4 Fighting
 + Level 4.3 Axes
 + Level 2.3 Armour
 + Level 2.5 Dodging
 + Level 0.2 Stealth


You had 4 spell levels left.
You didn't know any spells.
Your spell library was empty.

Dungeon Overview and Level Annotations

Branches:
Dungeon (3/15)

Altars:

Annotations:
D:3 Sigmund


Innate Abilities, Weirdness & Mutations

You are resistant to torment.
Your stone body is resilient. (AC +4)
You are immune to poison.
You resist negative energy. (rN+)
You are resistant to electric shocks. (rElec)
You can survive without breathing.
You are immune to petrification.
You are immune to rotting.


Message History

You feel yourself moving faster!
You feel mighty!
You are feeling very hungry.
Terence hits you but does no damage.
You slash Terence!
Terence is heavily wounded.
Something barely misses you. Terence misses you.
You slash Terence!
You kill Terence!
Trog accepts your kill. Something barely misses you.
Things that are here:
a flail of protection; a scale mail; the human corpse of Terence You barely miss something.
You closely miss something. Something hits you but does no damage.
You barely miss something. You barely miss something. Something hits you!
* * * LOW HITPOINT WARNING * * *
You slash something! You slash something! Something hits you!
You die...

.#
####.##
#.$?..#
#.....#
#<....#
#.....#
#..{..#
#@# #.#
#.# #.#
#######%#
........#
######..#
#..#
#..###


There were no monsters in sight!

Vanquished Creatures
  Natasha (thrice) (D:2)
  Terence (D:3)
  2 adders (D:2)
  An ooze (D:2)
  2 worms (D:2)
  2 dart slugs (D:1)
  2 leopard geckos
  2 ball pythons
  8 goblins
  7 hobgoblins
  4 jackals (D:1)
  A quokka (D:2)
  4 bats
  4 frilled lizards
  7 kobolds
  8 rats
58 creatures vanquished.

Notes
Turn   | Place    | Note
-------+----------+-------------------------------------------
     0 | D:1      | Fang the Gargoyle Berserker began the quest for the Orb.
     0 | D:1      | Reached XP level 1. HP: 14/14 MP: 1/1
   265 | D:1      | Reached XP level 2. HP: 16/19 MP: 2/2
   587 | D:1      | Reached ** piety under Trog
   587 | D:1      | Reached XP level 3. HP: 24/24 MP: 3/3
   706 | D:1      | You fall through a shaft!
  1130 | D:2      | Reached XP level 4. HP: 20/29 MP: 4/4
  1365 | D:2      | Noticed Natasha
  1376 | D:2      | Killed Natasha
  1671 | D:2      | Noticed Natasha
  1681 | D:2      | Killed Natasha
  1681 | D:2      | Reached XP level 5. HP: 15/34 MP: 5/5
  1871 | D:2      | Noticed Natasha
  1883 | D:2      | Killed Natasha
  2555 | D:3      | Noticed Terence
  2556 | D:3      | Noticed Sigmund
  2567 | D:3      | Killed Terence
  2574 | D:3      | Slain by Sigmund

Skill      XL: |  1  2  3  4  5 |
---------------+----------------+-----
Axes           | 3 4 |  4.3
Fighting       | 4 |  4.4
Dodging        | 2 |  2.5
Armour         | |  2.3
Stealth        | |  0.2

Action                   |  1- 3 |  4- 6 || total
-------------------------+-------+-------++-------
Melee: Hand axe          |   133 |   111 ||   244
Invok: Berserk           |       |     1 ||     1
  Eat: Chunk             |     1 |     4 ||     5
Armor: Animal skin       |    27 |    22 ||    49
Dodge: Dodged            |   100 |    74 ||   174
